 Dungeon Crawl Stone Soup version 0.18-a0-1639-g7533f42 (webtiles) character file.

128 syage the Skirmisher (level 5, -1/29 HPs)
             Began as a Vine Stalker Fighter on Mar 27, 2016.
             Slain by Grinder (3 damage)
             ... on level 3 of the Dungeon.
             The game lasted 00:04:29 (1309 turns).

syage the Skirmisher (Vine Stalker Fighter)         Turns: 1309, Time: 00:04:30

Health: -1/29      AC:  6    Str: 20    XL:     5   Next: 11%
Magic:  0/6        EV:  7    Int:  8    God:
Gold:   84         SH:  9    Dex: 13    Spells: 0 memorised, 4 levels left

rFire  . . .     SeeInvis .     a - +0 flail
rCold  . . .     Gourm    .     b - +0 scale mail
rNeg   . . .     Faith    .     c - +0 shield
rPois  .         Spirit   +     (no helmet)
rElec  .         Dismiss  .     (no cloak)
rCorr  .         Reflect  .     (no gloves)
SustAt .         Harm     .     (no boots)
MR     .....                    (no amulet)
Stlth  ..........               (no ring)
                                (no ring)

@: not resistant to hostile enchantments, extremely unstealthy
A: fangs 2, regeneration 1, magic shield, antimagic bite, no device heal 3, rot
immunity
a: no special abilities


You were on level 3 of the Dungeon.
You were not hungry.

You visited 1 branch of the dungeon, and saw 3 of its levels.

You collected 84 gold pieces.

Inventory:

Hand Weapons
 a - a +0 flail (weapon)
 e - a +2 dagger of draining
 k - a +1 spear of freezing
Armour
 b - a +0 scale mail (worn)
 c - a +0 shield (worn)
Scrolls
 j - 2 scrolls of enchant armour {unknown}
 m - 4 scrolls of identify {unknown}
 n - a scroll of noise {unknown}
 o - a scroll of magic mapping {unknown}
 q - a scroll of amnesia {unknown}
Potions
 d - a potion of might
 g - a potion of agility
 l - a potion of flight {unknown}
Comestibles
 f - a bread ration
 i - 2 slices of pizza
 p - a fruit


   Skills:
 + Level 3.8 Fighting
 + Level 2.5 Maces & Flails
 + Level 3.4 Armour
 + Level 0.3 Stealth
 - Level 2.8 Shields


You had 4 spell levels left.
You didn't know any spells.

Dungeon Overview and Level Annotations

Branches:
Dungeon (3/15)

Altars:

Annotations:
D:3 Grinder


Innate Abilities, Weirdness & Mutations

You have extremely sharp teeth.
Your natural rate of healing is unusually fast.
When hurt, damage is shared between your health and your magic reserves.
Your bite disrupts and absorbs the magic of your enemies.
Potions and wands cannot restore your health.
You are immune to rotting.


Message History

Your shield and scale mail prevent you from hitting Grinder.
You bite Grinder.
Grinder's magic leaks into the air.
You drain his magic.
You feel invigorated.
Grinder is lightly wounded.
Grinder hits you but does no damage.
You closely miss Grinder. Your bite misses Grinder.
Grinder is lightly wounded.
You block Grinder's attack.
You hit Grinder. You bite Grinder, but do no damage.
Grinder is lightly wounded.
Grinder falters for a moment.
Grinder hits you.
* * * LOW HITPOINT WARNING * * *
You writhe in agony.
* * * LOW HITPOINT WARNING * * *
Drink which item? (? for menu, Esc to quit)
It was a potion of curing.
That felt strangely inert.
Grinder hits you.
You barely miss Grinder. Your bite misses Grinder.
Grinder is lightly wounded.
Grinder hits you.
You die...

######## #.†....#
#.####.# ########
#####.####.# #......# #
#.......##.# #.# .##
###.......##.###.####...
...)......##.##.@....#
###.......##.##.5....#
..........##.##......#
##........##.##......#
.#.#....####.###.#####
##.#.##......###†#######
#.#.######.>.##........
#.#.. #..#.##.#######
#.### #.##...........


You could see Grinder.

Vanquished Creatures
  A gnoll (D:1)
  3 adders (D:2)
  An ooze (D:3)
  2 worms (D:2)
  2 dart slugs (D:1)
  7 giant geckos
  2 orcs (D:2)
  4 bats
  2 giant cockroaches (D:2)
  8 goblins
  8 hobgoblins
  6 jackals (D:2)
  3 ball pythons
  4 giant newts
  9 kobolds
  6 rats
68 creatures vanquished.

Notes
Turn   | Place    | Note
--------------------------------------------------------------
     0 | D:1      | syage the Vine Stalker Fighter began the quest for the Orb.
     0 | D:1      | Reached XP level 1. HP: 11/11 MP: 2/2
    41 | D:1      | Reached XP level 2. HP: 14/16 MP: 3/3
   169 | D:1      | Reached XP level 3. HP: 18/20 MP: 2/4
   542 | D:2      | Reached XP level 4. HP: 24/24 MP: 5/5
  1029 | D:2      | Reached XP level 5. HP: 29/29 MP: 6/6
  1293 | D:3      | Noticed Grinder
  1302 | D:3      | Paralysed by Grinder for 2 turns
  1307 | D:3      | HP: 1/29 [Grinder (2)]
  1309 | D:3      | Slain by Grinder

Vault maps used:
D:1:      minmay_arrival_up_and_down
D:2:      minmay_crystal_water
D:3:      first_bread, uniq_grinder, uniq_natasha

Skill      XL: |  1  2  3 |
---------------+----------+-----
Fighting       | 3 |  3.8
Maces & Flails | 2 |  2.5
Armour         | 3 |  3.4
Stealth        | |  0.3
Shields        | |  2.8

Action                   |  1- 3 |  4- 6 || total
-------------------------+-------+-------++-------
Melee: Flail             |   115 |   103 ||   218
  Use: Potion            |       |     1 ||     1
  Eat: Chunk             |       |     2 ||     2
